 Dungeon Crawl Stone Soup version 0.16.1-4-g8e1b745 (webtiles) character file.

466 Novaraven747 the Skirmisher (level 6, -4/57 HPs)
             Began as a Minotaur Berserker on Mar 26, 2015.
             Was a Believer of Trog.
             Slain by an ogre
             ... wielding a +0 giant club
              (8 damage)
             ... on level 7 of the Dungeon.
             The game lasted 00:14:42 (1218 turns).

Novaraven747 the Skirmisher (Minotaur Berserker)    Turns: 1218, Time: 00:14:42

Health: -4/57      AC:  9    Str: 24    XL:     6   Next: 81%
Magic:  3/3        EV:  9    Int:  4    God:    Trog [**....]
Gold:   74         SH:  0    Dex:  9    Spells: 0 memorised, 5 levels left

rFire  . . .     SeeInvis .     q - +0 flail
rCold  . . .     Clarity  .     x - +0 chain mail
rNeg   . . .     SustAb   .     (no shield)
rPois  .         Gourm    .     (helmet restricted)
rElec  .         Spirit   .     (no cloak)
rCorr  .         Warding  .     (no gloves)
rMut   .         Stasis   .     (no boots)
MR     .....                    (no amulet)
Stlth  ..........               (no ring)
                                (no ring)

@: not resistant to hostile enchantments, extremely unstealthy
A: retaliatory headbutt, horns 2
a: Burn Spellbooks, Berserk, Trog's Hand, Renounce Religion


You were on level 7 of the Dungeon.
You worshipped Trog.
Trog was pleased with you.
You were full.

You visited 1 branch of the dungeon, and saw 7 of its levels.

You collected 74 gold pieces.

Inventory:

Hand weapons
 a - a +0 mace
 e - a +0 dagger
 f - a +0 short sword
 h - a +0 mace
 k - a +0 club
 o - a +0 shortbow
 p - a +0 dagger
 q - a +0 flail (weapon)
 s - a cursed -2 club
 t - a +0 dagger
 w - a +0 flail
 y - a +0 club
 A - a +0 shortbow
 E - a +0 club
Missiles
 j - 70 stones (quivered)
 B - 27 arrows
Armour
 b - a +0 animal skin
 d - a +0 ring mail
 g - a +0 scale mail
 r - a +0 scale mail
 u - a +0 ring mail
 v - a +0 robe
 x - a +0 chain mail (worn)
 z - a +0 ring mail
Magical devices
 D - a wand of digging (12)
Scrolls
 n - a scroll of immolation
Comestibles
 c - a bread ration
 i - a meat ration
 l - 2 fruits
 m - a royal jelly


   Skills:
 + Level 5.9 Fighting
 + Level 5.6 Maces & Flails
 + Level 4.1 Armour
 + Level 4.5 Dodging
 + Level 0.3 Stealth


You had 5 spell levels left.
You didn't know any spells.

Dungeon Overview and Level Annotations

Branches:
Dungeon (7/15)
 Temple: D:4-7

Altars:
Ashenzari
Xom

Annotations:
D:7 xsansara's ghost, experienced MiBe


Innate Abilities, Weirdness & Mutations

You reflexively headbutt those who attack you in melee.
You have a pair of horns on your head.


Message History

You hit the giant frog.
The giant frog is heavily wounded.
The giant frog barely misses you.
The giant frog hits you but does no damage.
The ogre hits you with a giant club!
* * * LOW HITPOINT WARNING * * *
Xsansara's ghost closely misses you.
You offer a prayer to Trog.
Trog is pleased with you.
The giant frog hits you but does no damage.
Xsansara's ghost grins evilly.
Xsansara's ghost hits you!
* * * LOW HITPOINT WARNING * * *
The giant frog hits you but does no damage.
That choko was very bland.
Your chain mail prevents you from hitting the ogre.
Your headbutt misses the ogre.
The ogre is lightly wounded.
The ogre hits you with a giant club!
You die...

.. ### #.. ..#
#..##.# #..#.#
###.#.####
#........#
#.....O..#
#....@F).##.#
#.....W.....#
#........=#..#
#.............
#........##...
#........# #.
##########


You could see an ogre, a giant frog and xsansara's ghost.

Vanquished Creatures
  A water moccasin (D:5)
  2 centaurs
  A giant frog (D:6)
  A jelly (D:7)
  A worker ant (D:4)
  An orc wizard (D:5)
  Terence (D:3)
  3 adders
  3 orcs (D:5)
  4 bats
  A bat skeleton (D:5)
  A giant cockroach (D:2)
  3 hobgoblins
  4 kobolds
  A ball python (D:5)
  A giant newt (D:3)
  4 goblins
  5 rats
38 creatures vanquished.

Notes
Turn   | Place    | Note
--------------------------------------------------------------
     0 | D:1      | Novaraven747, the Minotaur Berserker, began the quest for the Orb.
     0 | D:1      | Reached XP level 1. HP: 19/19 MP: 1/1
   138 | D:2      | Reached skill level 4 in Fighting
   216 | D:2      | Reached XP level 2. HP: 16/27 MP: 1/1
   455 | D:2      | Acquired Trog's second power
   562 | D:2      | Reached XP level 3. HP: 34/34 MP: 2/2
   624 | D:3      | Noticed Terence
   635 | D:3      | Killed Terence
   683 | D:4      | Reached XP level 4. HP: 16/41 MP: 2/2
   781 | D:5      | Entered Level 5 of the Dungeon
   793 | D:5      | Noticed a water moccasin
   802 | D:5      | Killed a water moccasin
   802 | D:5      | Reached skill level 5 in Fighting
   802 | D:5      | Reached XP level 5. HP: 12/48 MP: 2/2
   931 | D:5      | Noticed a centaur
   941 | D:5      | Killed a centaur
   941 | D:5      | Reached skill level 5 in Maces & Flails
   941 | D:5      | Reached XP level 6. HP: 33/56 MP: 3/3
  1012 | D:6      | Found a shimmering altar of Xom.
  1179 | D:6      | Found a shattered altar of Ashenzari.
  1208 | D:7      | Noticed xsansara's ghost (experienced MiBe)
  1218 | D:7      | Slain by an ogre

Action                   |  1- 3 |  4- 6 || total
-------------------------+-------+-------++-------
Melee: Mace              |    60 |    22 ||    82
       Flail             |       |    24 ||    24
  Use: Scroll            |     4 |     2 ||     6
       Potion            |       |     3 ||     3
  Eat: Meat ration       |       |     1 ||     1
       Fruit             |       |     1 ||     1
